 Dungeon Crawl Stone Soup version 0.31-a0-7-g51783674b7 (webtiles) character file.

Game seed: 4583463923302987941

9802 cheesebisquit the Brawler (level 11, -8/97 HPs)
             Began as a Troll Fighter on May 5, 2023.
             Was a Priest of Makhleb.
             Killed from afar by a starcursed mass (11 damage)
             ... with an accursed screaming
             ... on level 2 of the Abyss.
             The game lasted 00:26:30 (7679 turns).

cheesebisquit the Brawler (Troll Fighter)           Turns: 7679, Time: 00:26:30

Health: -8/97      AC:  6    Str: 33    XL:     11   Next: 27%
Magic:  10/10      EV:  9    Int:  4    God:    Makhleb [***...]
Gold:   502        SH:  0    Dex:  9    Spells: 10/10 levels left

rFire   + .          .
                       - Unarmed
rCold   . . .        b - +0 kite shield
rNeg    . . .        a - +0 robe
rPois   .            z - +1 hat "Vurabyaw" {rElec rF+}
rElec   +            h - +0 cloak "Peycuuf" {Str+3 SInv}
rCorr   +            (gloves unavailable)
SInv    +            (boots unavailable)
Will    .....        j - amulet of reflection
Stlth   +            r - ring of resist corrosion
HPRegen 1.16/turn    (no ring)
MPRegen 0.12/turn

%: reflection
@: confused, mighty, studying Evocations
A: large, unfitting armour, claws 3, regeneration 1, shaggy fur 1, tough skin 1
a: Renounce Religion, Minor Destruction, Lesser Servant of Makhleb


You were on level 2 of the Abyss.
You worshipped Makhleb.
Makhleb was most pleased with you.
You visited 2 branches of the dungeon, and saw 11 of its levels.
You visited the Abyss 1 time.

You collected 502 gold pieces.

Inventory:

Hand Weapons
 l - the +4 trident "One Gafy" {flame, rPois}
   (You found it on level 3 of the Dungeon)

   rPois:     It protects you from poison.
Missiles
 o - 2 throwing nets (quivered)
 p - 24 boomerangs
 y - 4 poisoned darts
Armour
 a - a +0 robe (worn)
 b - a +0 kite shield (worn)
 h - the +0 cloak "Peycuuf" (worn) {Str+3 SInv}
   (You acquired it on level 10 of the Dungeon)

   Str:       It affects your strength (+3).
   SInv:      It lets you see invisible.
 z - the +1 hat "Vurabyaw" (worn) {rElec rF+}
   (You acquired it on level 10 of the Dungeon)

   rF:        It protects you from fire.
   rElec:     It insulates you from electricity.
Jewellery
 f - an amulet of faith
 j - an amulet of reflection (around neck)
 r - a ring of resist corrosion (left claw)
Wands
 x - a wand of paralysis (20)
 F - a wand of flame (20)
Scrolls
 e - a scroll of enchant weapon {unknown}
 i - 2 scrolls of amnesia
 n - 2 scrolls of poison
 q - 5 scrolls of teleportation
 s - a scroll of blinking
 v - 3 scrolls of vulnerability
 w - a scroll of fog
 B - a scroll of brand weapon {unknown}
 E - a scroll of noise {unknown}
 G - a scroll of torment {unknown}
 H - a scroll of magic mapping {unknown}
Potions
 g - a potion of resistance
 m - a potion of haste {unknown}
 u - 3 potions of degeneration
 A - 5 potions of brilliance
 C - 3 potions of attraction
 D - 2 potions of mutation
 I - a potion of berserk rage


   Skills:
 - Level 3.2 Fighting
 - Level 4.1 Polearms
 - Level 3.2 Dodging
 - Level 3.5 Shields
 + Level 16.1 Unarmed Combat


You had 10 spell levels left.
You didn't know any spells.
Your spell library contained the following spells:

 Spells                   Type           Power      Damage    Failure   Level
 Blink                    Tloc           0%         N/A       83%         2
 Scorch                   Fire           0%         2d5       83%         2
 Static Discharge         Conj/Air       0%         2-2/arc   83%         2
 Dazzling Flash           Conj/Hex       0%         N/A       97%         3
 Airstrike                Air            0%         2d(0-16)  100%        4
 Flame Wave               Conj/Fire      0%         2d4       100%        4
 Manifold Assault         Tloc           0%         N/A       100%        4
 Summon Lightning Spire   Summ/Air       0%         N/A       100%        4
 Agony                    Necr           0%         N/A       100%        5
 Silence                  Hex/Air        0%         N/A       100%        5
 Summon Cactus Giant      Summ           0%         N/A       100%        6
 Storm Form               Tmut/Air       0%         N/A       100%        7


Dungeon Overview and Level Annotations

Branches:
Dungeon (10/15)            Temple (1/1) D:4            Lair (0/5) D:9
    Orc: D:9-12

Altars:
Ashenzari
Cheibriados
Dithmenos
Elyvilon
Fedhas
Gozag
Hepliaklqana
Kikubaaqudgha
Makhleb
Nemelex Xobeh
Okawaru
Ru
Sif Muna
Trog
Uskayaw
Vehumet
Wu Jian
Xom
Zin
The Shining One

Shops:
D:2 (:

Annotations:
D:3 1 runed translucent door, Crazy Yiuf
D:6 exclusion: statue


Innate Abilities, Weirdness & Mutations

You are too large for most types of armour.
You have claws for hands.
Your natural rate of healing is unusually fast.
You are covered in fur. (AC +1)
You have tough skin. (AC +1)


Message History

The raiju barks!
A chorus of shrieks assaults your mind.
A starcursed mass splits.
You bump into the rock wall.
The starcursed mass barely misses you.
The glowing orange brain pulsates.
You are more confused.
You bump into the rock wall.
A deafening chorus of shrieks assaults your mind!
You suddenly lose the ability to move!
You can move again.
You bump into the stone wall.
A raiju comes into view.
A deafening chorus of shrieks assaults your mind!
* * * LOW HITPOINT WARNING * * *
The starcursed mass touches you.
* * * LOW HITPOINT WARNING * * *
The raiju barks!
You scratch the starcursed mass.
The starcursed mass is moderately damaged.
The starcursed mass shudders and is absorbed by its neighbour.
You are too confused!
You bump into the rock wall.
A deafening chorus of shrieks assaults your mind!
* * * LOW HITPOINT WARNING * * *
Okay, then.
You are too confused!
Okay, then.
You closely miss the glowing orange brain.
The glowing orange brain is heavily wounded.
You bump into the stone wall.
The starcursed mass misses you.
The glowing orange brain pulsates.
You are more confused.
A raiju comes into view.
The raiju barks!
You mangle the glowing orange brain!!
The glowing orange brain is almost dead.
The starcursed mass touches you!
* * * LOW HITPOINT WARNING * * *
A deafening chorus of shrieks assaults your mind!
You die...

# .. .. ##### .
X.#### .#≈# ##.#
##@##.~.~.. #.
#. #XGX~≈.≈.# #
#
##X###XX♣X.~..##
. # .# X
.##hh~~..##
#.~....
#XX.#~~.≈#...
≈#.....
..≈~~.~~.##
#≈~..####
.#h#~#.#♣ # .# .
.G .#..### #
.....###.


You could see 5 starcursed masses, a glowing orange brain and 3 raiju.

Vanquished Creatures
  A great orb of eyes (Abyss:2)
  An ogre mage (D:10)
  2 two-headed ogres
  A skeletal warrior (D:10)
  A wizard (D:9)
  A manticore (D:10)
  A smoke demon (Abyss:2)
  An unseen horror (D:9)
  A troll (D:10)
  A meliai (D:10)
  3 raiju (Abyss:2)
  Sigmund (D:2)
  A wraith (D:9)
  A small abomination (Abyss:2)
  A starcursed mass (Abyss:2)
  A chaos spawn (Abyss:2)
  A large abomination (Abyss:2)
  3 acid dragons
  3 water moccasins
  2 black bears
  3 ice beasts
  An orc warrior (D:10)
  3 sky beasts
  3 ogres
  A phantom (D:4)
  3 centaurs
  A kobold brigand (D:10)
  6 bullfrogs
  A gnoll sergeant (D:7)
  A scorpion (D:5)
  6 wights
  A killer bee (D:10)
  3 hounds
  4 orc priests
  4 gnoll boudas
  A jelly (D:7)
  Jessica (D:2)
  5 iguanas
  10 orc wizards
  13 gnolls
  7 adders
  A shadow imp (D:7)
  4 white imps
  2 ufetubi (D:5)
  2 dart slugs
  45 orcs
  9 ball pythons
  6 endoplasms
  4 giant cockroaches
  6 hobgoblins
  6 jackals
  9 kobolds
  3 quokkas
  7 bats
  3 frilled lizards
  6 goblins
  4 rats
223 creatures vanquished.

Notes
Turn   | Place    | Note
-------+----------+-------------------------------------------
     0 | D:1      | cheesebisquit the Troll Fighter began the quest for the
                  | Orb.
     0 | D:1      | Reached XP level 1. HP: 22/22 MP: 0/0
    87 | D:1      | Reached XP level 2. HP: 29/29 MP: 1/1
   562 | D:2      | Reached XP level 3. HP: 35/36 MP: 2/2
   671 | D:2      | Reached skill level 3 in Unarmed Combat
   671 | D:2      | Noticed Sigmund
   687 | D:2      | Killed Sigmund
   688 | D:2      | Reached skill level 4 in Unarmed Combat
   688 | D:2      | Reached XP level 4. HP: 29/45 MP: 3/3
   688 | D:2      | Reached XP level 5. HP: 34/53 MP: 4/4
   752 | D:2      | Noticed Jessica
   762 | D:2      | Killed Jessica
   818 | D:2      | Found Vuck's Vocational Training.
   873 | D:2      | Found Kelixoar's Weapon Boutique.
   976 | D:3      | Found a white marble altar of Elyvilon.
   980 | D:3      | Identified the +4 trident "One Gafy" {flame, rPois}
  1054 | D:3      | Reached XP level 6. HP: 61/61 MP: 5/5
  1072 | D:3      | Reached skill level 1 in Polearms
  1131 | D:3      | Found a runed translucent door.
  1132 | D:3      | Noticed Crazy Yiuf
  1595 | D:4      | Found a sparkling altar of Nemelex Xobeh.
  1679 | D:4      | Found a staircase to the Ecumenical Temple.
  1687 | Temple   | Entered the Ecumenical Temple
  1861 | Temple   | Became a worshipper of Makhleb the Destroyer
  1967 | D:4      | Reached XP level 7. HP: 65/67 MP: 6/6
  2799 | D:5      | Entered Level 5 of the Dungeon
  2837 | D:5      | Reached skill level 5 in Unarmed Combat
  2941 | D:5      | Reached * piety under Makhleb
  2942 | D:5      | Reached skill level 6 in Unarmed Combat
  3051 | D:5      | Reached XP level 8. HP: 41/75 MP: 7/7
  3161 | D:5      | Reached skill level 7 in Unarmed Combat
  3442 | D:5      | Found a hazy altar of Hepliaklqana.
  3800 | D:6      | Found a radiant altar of Vehumet.
  3817 | D:6      | Reached skill level 8 in Unarmed Combat
  3895 | D:6      | Identified the +0 rapier of Infinity {drain, rC+}
  3901 | D:6      | Reached skill level 9 in Unarmed Combat
  3956 | D:6      | Found a blossoming altar of Fedhas.
  4218 | D:6      | Reached XP level 9. HP: 74/83 MP: 8/8
  4437 | D:6      | Reached skill level 10 in Unarmed Combat
  4560 | D:7      | Reached ** piety under Makhleb
  4753 | D:7      | Found a shadowy altar of Dithmenos.
  4881 | D:7      | Reached skill level 11 in Unarmed Combat
  5170 | D:8      | Noticed a two-headed ogre
  5182 | D:8      | Killed a two-headed ogre
  5183 | D:8      | Reached skill level 12 in Unarmed Combat
  5273 | D:8      | Reached *** piety under Makhleb
  5286 | D:8      | Reached XP level 10. HP: 48/91 MP: 9/9
  5743 | D:8      | Found a shimmering blue altar of Sif Muna.
  6132 | D:9      | Reached skill level 13 in Unarmed Combat
  6332 | D:9      | Noticed a wizard
  6344 | D:9      | Killed a wizard
  6866 | D:9      | Found a staircase to the Lair.
  7075 | D:10     | Entered Level 10 of the Dungeon
  7281 | D:10     | Identified 3 scrolls of acquirement
  7286 | D:10     | Acquired the +0 cloak "Peycuuf" {Str+3 SInv}
  7299 | D:10     | Acquired an amulet of reflection
  7306 | D:10     | Acquired the +1 hat "Vurabyaw" {rElec rF+}
  7329 | D:10     | Noticed an ogre mage
  7341 | D:10     | Reached skill level 14 in Unarmed Combat
  7342 | D:10     | Noticed a manticore
  7342 | D:10     | Noticed a two-headed ogre
  7352 | D:10     | Noticed a skeletal warrior
  7355 | D:10     | Killed a two-headed ogre
  7358 | D:10     | Noticed a wizard
  7365 | D:10     | Killed an ogre mage
  7375 | D:10     | Killed a skeletal warrior
  7376 | D:10     | Reached skill level 15 in Unarmed Combat
  7378 | D:10     | Killed a manticore
  7379 | D:10     | Reached XP level 11. HP: 23/97 MP: 10/10
  7395 | Abyss:2  | Cast into level 2 of the Abyss (a wizard)
  7461 | Abyss:2  | Found a corrupted altar of Lugonu.
  7483 | Abyss:2  | Found a corrupted altar of Lugonu.
  7548 | Abyss:2  | Noticed a great orb of eyes
  7555 | Abyss:2  | Paralysed by a great orb of eyes for 2 turns
  7560 | Abyss:2  | Killed a great orb of eyes
  7631 | Abyss:2  | Reached skill level 16 in Unarmed Combat
  7639 | Abyss:2  | Noticed a starcursed mass
  7648 | Abyss:2  | Noticed a glowing orange brain
  7659 | Abyss:2  | Paralysed by accursed screaming for 1 turns
  7661 | Abyss:2  | Killed a starcursed mass
  7673 | Abyss:2  | Paralysed by accursed screaming for 1 turns
  7679 | Abyss:2  | HP: 3/97 [starcursed mass (9)]
  7679 | Abyss:2  | Killed from afar by a starcursed mass

Illustrated notes

Levels and vault maps discovered:
D:1:      lemuel_arrival_broad_hall, layout_rooms
D:2:      layout_basic, serial_shops, nicolae_shop_tiny_statue_garden,
          nicolae_shop_vocational, uniq_jessica, uniq_sigmund
D:3:      layout_rooms, mainiacjoe_overflow_concentric_impassable,
          uniq_crazy_yiuf_cottage
D:4:      layout_basic, mainiacjoe_overflow_chevrons, temple_statues,
          kennysheep_generic_room_16
D:5:      layout_cave_pods, mainiacjoe_overflow_surrounded_room
D:6:      layout_basic, fedhas_bush_and_centaur_altar, vehumet_statue
D:7:      layout_cave_pools, lemuel_crystal_altar
D:8:      layout_layer_cave, led_sif_book, hangedman_decor_points,
          minmay_manual_mail
D:9:      layout_loops_corners, lair_entry_dummy, minmay_librarian
D:10:     minmay_bloctagon, layout_irregular_city,
          gammafunk_temple_overflow_elements, zombieorc2_lemuel
Temple:   hellmonk_temple_forest_ring
Abyss:2:  base:
D:3

Skill      XL: |  1  2  3  4  5  6  7  8  9 10 11 |
---------------+----------------------------------+-----
Shields        | 3 |  3.5
Unarmed Combat | 4 6 9 12 15 16 | 16.1
Fighting       | 3 |  3.2
Dodging        | 3 |  3.2
Polearms       | 3 4 |  4.1

Action                     |  1- 3 |  4- 6 |  7- 9 | 10-12 || total
---------------------------+-------+-------+-------+-------++-------
  Melee: Unarmed           |   112 |    23 |   252 |   150 ||   537
         Trident           |       |    97 |    28 |       ||   125
  Throw: Throwing net      |       |       |     1 |       ||     1
         Dart              |       |       |       |     2 ||     2
    Use: Potion            |       |     2 |       |    13 ||    15
         Scroll            |       |       |       |    18 ||    18
 Armour: Robe              |    31 |    37 |    62 |    27 ||   157
  Dodge: Dodged            |    35 |    38 |   102 |    45 ||   220
  Block: Kite shield       |    46 |    44 |    90 |    64 ||   244
         Reflection        |       |       |       |     4 ||     4

Table legend: (Time is in decaauts)
 A = Elapsed time spent in this place.
 B = Non-inter-level travel time spent in this place.
 C = Inter-level travel time spent in this place.
 D = Time resting spent in this place.
 E = Time spent auto-exploring this place.
 F = Levels seen in this place.
 G = Mean time per level.
                   A        B        C        D        E       F      G
               +--------+--------+--------+--------+--------+-----+--------+
         Total |   7701 |   7239 |    462 |      6 |   5784 |  12 |  641.8 |
       Dungeon |   7231 |   6820 |    411 |      6 |   5475 |  10 |  723.1 |
        Temple |    189 |    138 |     51 |      0 |    127 |   1 |  189.0 |
         Abyss |    280 |    280 |      0 |      0 |    181 |   1 |  280.0 |
               +--------+--------+--------+--------+--------+-----+--------+

Top non-repeatable levels by time:
     D:4: 1087 daAuts
     D:8: 992 daAuts
     D:5: 978 daAuts
     D:9: 968 daAuts
     D:7: 676 daAuts
     D:6: 648 daAuts
     D:3: 608 daAuts
     D:1: 501 daAuts
     D:2: 457 daAuts
    D:10: 311 daAuts
 Abyss:2: 280 daAuts
  Temple: 189 daAuts
